 Dungeon Crawl Stone Soup version 0.31-a0-1005-gfbdfbacc72 (webtiles) character file.

Game seed: 2693901835657310911

371878 ChronoRanger the Conqueror (level 22, -16/349 HPs)
             Began as a Hill Orc Berserker on Nov 11, 2023.
             Was the Champion of Trog.
             Demolished by a vault warden
             ... wielding a +0 war axe
              (17 damage)
             ... on level 5 of the Vaults.
             The game lasted 01:36:15 (44832 turns).

ChronoRanger the Conqueror (Hill Orc Berserker)    Turns: 44832, Time: 01:36:15

Health: -16/349    AC: 32    Str: 34    XL:     22   Next: 68%
Magic:  0/22       EV: 20    Int:  7    God:    Trog [******]
Gold:   3176       SH:  0    Dex: 10    Spells: 21/21 levels left

rFire   + + +        O - +7 executioner's axe "Jaawil" {flame, rF+ rN+ Will+ Str+3}
rCold   + + +        (shield currently unavailable)
rNeg    + . .        F - +0 fire dragon scales
rPois   +            J - +2 hat {Will+}
rElec   +            B - +0 cloak "Kolowu" {rElec rC+++ rCorr Stlth-}
rCorr   +            E - +2 pair of gloves
SInv    .            x - +2 pair of boots
Will    +++..        r - amulet "Vuisale" {Spirit rPois} Stlth
                     f - +5 ring of evasion
HPRegen 0.78/turn    A - +4 ring of slaying
MPRegen 0.18/turn

%: guardian spirit
@: berserking, lethally poisoned (-16 -> -21), very quick
A: iridescent scales 1, cold resistance 1
}: 2/15 runes: decaying, serpentine
a: Renounce Religion, Berserk, Trog's Hand, Brothers in Arms


You were on level 5 of the Vaults.
You worshipped Trog.
Trog was exalted by your worship.
You visited 6 branches of the dungeon, and saw 33 of its levels.
You also visited: Ossuary, Bailey, Gauntlet and Desolation.

You collected 3718 gold pieces.
You spent 542 gold pieces at shops.

Inventory:

Hand Weapons
 q - a +2 triple crossbow of freezing
 v - the +9 battleaxe of Ugyagh {antimagic, Str+3 Dex+2}
   (Trog gifted it to you on level 3 of the Snake Pit)

   Str+3:     It affects your strength (+3).
   Dex+2:     It affects your dexterity (+2).
 H - a +1 arbalest of flaming
 O - the +7 executioner's axe "Jaawil" (weapon) {flame, rF+ rN+ Will+ Str+3}
   (Trog gifted it to you on level 4 of the Lair of Beasts)

   Str+3:     It affects your strength (+3).
   rF+:       It protects you from fire.
   rN+:       It protects you from negative energy.
   Will+:     It increases your willpower.
 T - the +9 great mace of Bomysm {spect, rN+++}
   (You took it off a tengu conjurer on level 13 of the Dungeon)

   rN+++:     It renders you almost immune to negative energy.
Missiles
 R - 2 throwing nets
Armour
 x - a +2 pair of boots (worn)
 B - the +0 cloak "Kolowu" (worn) {rElec rC+++ rCorr Stlth-}
   (You found it on level 2 of the Snake Pit)

   rC+++:     It renders you almost immune to cold.
   rElec:     It insulates you from electricity.
   rCorr:     It protects you from acid and corrosion.
   Stlth-:    It makes you less stealthy.
 E - a +2 pair of gloves (worn)
 F - +0 fire dragon scales (worn)
 J - a +2 hat of willpower (worn)
 S - the +0 hat of the Ward {Str+3 Int+2}
   (You found it in a Gauntlet)

   Str+3:     It affects your strength (+3).
   Int+2:     It affects your intelligence (+2).
Jewellery
 f - a +5 ring of evasion (left hand)
 o - a ring of flight
 r - the amulet "Vuisale" (around neck) {Spirit rPois}
   (You found it on level 10 of the Dungeon)

   [amulet of guardian spirit]

   Spirit:    It causes incoming damage to be divided between your reserves of
   health and magic.
   rPois:     It protects you from poison
 A - a +4 ring of slaying (right hand)
 V - the ring "Jaquewk" {rC- EV+5 Str+3 Int+2 Stlth+}
   (You found it in the Desolation of Salt)

   [ring of evasion]

   EV+5:      It affects your evasion (+5).
   Str+3:     It affects your strength (+3).
   Int+2:     It affects your intelligence (+2).
   rC-:       It makes you vulnerable to cold.
   Stlth+:    It makes you more stealthy.
 X - the ring "Yngas" {Wiz rF+ Str+2 Slay+3}
   (You found it in the Desolation of Salt)

   [ring of wizardry]

   Wiz:       It improves your spell success rate.
   Str+2:     It affects your strength (+2).
   Slay+3:    It affects your accuracy & damage with ranged weapons and melee
   (+3).
   rF+:       It protects you from fire.
Talismans
 b - a beast talisman
 y - a blade talisman
Wands
 i - a wand of charming (33)
 k - a wand of roots (37)
 l - a wand of flame (40)
 p - a wand of digging (15)
 t - a wand of quicksilver (34)
 w - a wand of mindburst (12)
 W - a wand of polymorph (4)
Scrolls
 g - 13 scrolls of enchant armour
 n - 12 scrolls of teleportation
 u - a scroll of silence
 C - 19 scrolls of identify
 D - 2 scrolls of enchant weapon
 G - a scroll of fear
 I - 4 scrolls of poison
 L - a scroll of immolation
 N - 4 scrolls of fog
 P - a scroll of brand weapon
Potions
 a - 14 potions of curing
 c - 5 potions of haste
 d - 13 potions of heal wounds
 e - 3 potions of invisibility
 h - 4 potions of enlightenment
 j - 4 potions of magic
 m - 4 potions of resistance
 s - 8 potions of might
 z - a potion of lignification
 K - 2 potions of cancellation
 M - 2 potions of mutation


   Skills:
 O Level 27 Fighting
 - Level 24.0 Axes
 O Level 27 Armour
 * Level 12.0 Dodging
 + Level 7.2 Evocations


You had 21 spell levels left.
You didn't know any spells.
Your spell library was empty.

Dungeon Overview and Level Annotations

Branches:
Dungeon (13/15)            Temple (0/1) D:6            Lair (5/5) D:9
  Swamp (4/4) Lair:2        Snake (4/4) Lair:3        Slime (0/5) Lair:5
    Orc (2/2) D:11            Elf (0/3) Orc:2        Vaults (5/5) D:13
  Crypt (0/3) Vaults:3    Ossuary (visited)          Bailey (visited)
Desolation (visited)      Gauntlet (visited)

Altars:
Ashenzari
Dithmenos
Elyvilon
Gozag
Hepliaklqana
Kikubaaqudgha
Makhleb
Okawaru
Sif Muna
Vehumet
Wu Jian
Xom
Yredelemnul
Zin
Jiyva

Shops:
D:1 !   D:13 **   Orc:1 *   Orc:2 *:[(   Vaults:1 :   Vaults:3 ?   Vaults:4 !

Portals:
Hell: Lair:5

Annotations:
D:5 2 transporters, farilari's ghost, amateur SpHs
Lair:3 1 runed translucent door, Ifomeed's ghost, journeyman DsGl
Lair:4 exclusion: 3 oklob plants


Innate Abilities, Weirdness & Mutations

You are partially covered in iridescent scales. (AC +2)
Your flesh is cold resistant. (rC+)


Message History

You barely miss the vault warden. You slash the deep elf annihilator!
You burn the deep elf annihilator. You slice the tentacled monstrosity!!
You burn the tentacled monstrosity. You slice the stone giant!!
You burn the stone giant.
You feel sick.
The vault warden seems less brilliant.
The Hell Sentinel gestures at you. The iron shot hits you!!!
* * * LOW HITPOINT WARNING * * *
A vault guard comes into view. It is wielding a +3 heavy hand axe.
The vault sentinel blows a loud note on a signal horn!
The tentacled monstrosity tentacle-slaps you but does no damage. x2
The tentacled monstrosity tentacle-slaps you.
* * * LOW HITPOINT WARNING * * *
The tentacled monstrosity grabs you.
The tentacled monstrosity constricts you.
The vault sentinel gestures at you while chanting.
You barely resist.
The stone giant hits you but does no damage.
The deep elf annihilator closely misses you.
You hear a deafening roar!
You hear a shout!
You slice the vault warden!! You burn the vault warden!
The vault warden is heavily wounded.
You closely miss the vault sentinel. You hit the vault warden.
You burn the vault warden.
You barely miss the deep elf annihilator.
You slice the tentacled monstrosity!!
You feel the power of Trog in you as your rage grows.
You kill the tentacled monstrosity!
Trog accepts your kill.
You slash the stone giant! You burn the stone giant.
You kill the stone giant!
Trog accepts your kill.
You slice the Hell Sentinel!!
You kill the Hell Sentinel!
That felt strangely unrewarding.
You feel sick.
The yaktaur captain shoots a bolt.
The bolt closely misses you.
The bolt hits the vault sentinel!
The vault warden hits you with a +1 war axe of electrocution!!
* * * LOW HITPOINT WARNING * * *
The vault warden hits you with a +0 war axe!
You die...

##.# #....# p.
.#.##....##[#e
#.#.#....#.#..
#^..[......#
#######........####
...........p.......
.......eepp<.......
.......)(@p.<......
.......)[)e<.......
######.[).....####
#..........#
#c..#....#..#
9c#.##....##...
#.### #....# #...
## #....# ..#
#....# ##


You could see 2 vault wardens, 2 yaktaur captains, a vault guard, a deep elf
annihilator (empowered), a war gargoyle, 2 vault sentinels and 2 deep elf high
priests.

Vanquished Creatures
  A dread lich (Vaults:4)
  the Lernaean hydra (Swamp:4)
  Vashnia (Snake:3)
  2 golden dragons
  A Hell Sentinel (Vaults:5)
  A tentacled monstrosity (Vaults:5)
  3 quicksilver dragons
  4 titans
  5 sphinxes
  Gastronok (Lair:1)
  2 shadow dragons
  A thorn hunter (Swamp:1)
  Aizul (Snake:3)
  3 tengu reavers
  9 nagarajas
  3 storm dragons (Vaults:4)
  2 fire giants (Vaults:4)
  2 deep elf sorcerers (Vaults:5)
  3 frost giants
  2 imperial myrmidons (Desolation)
  Louise (Swamp:4)
  A curse skull (Vaults:3)
  An iron dragon (Vaults:4)
  21 vault wardens
  3 formless jellyfish
  2 war gargoyles
  2 orc warlords
  11 ironbound thunderhulks
  16 ironbound preservers
  3 deep elf demonologists
  7 stone giants
  A vampire knight (Vaults:3)
  5 very ugly things
  4 bunyips
  A minotaur (Gauntlet)
  5 eleionomae
  2 halazid warlocks (Desolation)
  10 dire elephants
  Azrael (D:12)
  2 green deaths (Gauntlet)
  3 ettins (Vaults:4)
  3 crystal guardians
  A fire dragon (D:9)
  7 ragged hierophants (Desolation)
  2 shambling mangroves
  A deep elf death mage (Vaults:5)
  8 salamander tyrants
  4 peacekeepers
  27 vault guards
  19 yaktaur captains
  6 great orbs of eyes
  3 ogre magi
  4 servants of whispers (Desolation)
  5 centaur warriors
  A catoblepas (Lair:5)
  A spriggan air mage (Swamp:2)
  5 alligators
  5 anacondas
  3 ghost crabs
  9 ironbound frosthearts
  A radroach (shapeshifter) (Vaults:4)
  14 hydras
  3 boulder beetles
  4 two-headed ogres
  7 death yaks
  10 naga warriors
  A tengu warrior (D:13)
  20 naga sharpshooters
  An occultist (Lair:5)
  2 spriggan berserkers (Swamp:2)
  Urug (Lair:5)
  7 shock serpents
  7 orc high priests (Orc:2)
  A hell knight (Vaults:4)
  A sun demon (Lair:5)
  A skyshark (Lair:4)
  A goliath frog (shapeshifter) (Vaults:4)
  2 salamander mystics
  6 goliath frogs
  6 sea snakes (Snake:1)
  12 bog bodies
  41 deep trolls
  A glowing orange brain (Vaults:4)
  9 swamp dragons
  11 lindwurms
  4 spriggan druids
  Pikel (D:6)
  A harpy (shapeshifter) (D:13)
  3 necromancers
  5 phantasmal warriors
  13 orc knights
  31 ironbound convokers
  4 harpies (Vaults:1)
  3 naga ritualists
  A deep elf pyromancer (D:10)
  30 ugly things
  A wolf spider (Lair:5)
  10 arcanists
  A mana viper (shapeshifter) (D:13)
  6 cyclopes
  4 will-o-the-wisps
  28 salamanders
  5 orc sorcerers
  A moth of wrath (Gauntlet)
  6 mana vipers
  A manticore (Lair:4)
  25 vault sentinels
  A molten gargoyle (Desolation)
  12 elephants
  25 black mambas
  A gargoyle (Bailey)
  8 guardian serpents
  11 cane toads
  A smoke demon (Lair:5)
  2 human skeletons (Vaults:2)
  Maggie (D:6)
  A cane toad (shapeshifter) (Vaults:4)
  13 naga magi
  An elf skeleton (Vaults:3)
  6 orange demons
  An ice statue (Gauntlet)
  Jeremiah (D:7)
  A tengu conjurer (D:13)
  An elf zombie (Vaults:2)
  4 komodo dragons
  2 freezing wraiths
  36 yaktaurs
  3 efreet (D:10)
  11 rime drakes
  6 meliai
  14 trolls
  2 red devils (Lair:5)
  15 hornets
  A queen bee (Lair:4)
  6 tyrant leeches
  6 blink frogs
  A meliai (shapeshifter) (D:10)
  46 saltlings
  Prince Ribbit (D:6)
  An iron dragon simulacrum (Vaults:3)
  2 polar bears
  16 dream sheep
  A fire giant simulacrum (Vaults:1)
  Sigmund (D:6)
  11 slime creatures
  4 ushabtiu (Desolation)
  22 spriggans
  Eustachio (D:6)
  52 yaks
  A wraith (D:13)
  3 vampires
  9 wyverns
  2 humans
  A shadow (D:11)
  A steam dragon (D:10)
  5 basilisks
  4 fire elementals (D:12)
  12 swamp worms
  12 vampire mosquitoes
  A large abomination (Gauntlet)
  26 nagas
  6 wargs
  3 acid dragons
  A glowing shapeshifter skeleton (Vaults:3)
  9 hell hounds
  12 water moccasins
  Duvessa (D:4)
  4 small abominations (Gauntlet)
  10 swamp drakes
  2 black bears
  31 orc warriors
  15 wolves
  5 boggarts (Vaults:3)
  7 ogres
  2 phantoms (D:5)
  4 centaurs
  A lemure (D:6)
  3 kobold brigands
  13 bullfrogs
  A human simulacrum (Vaults:1)
  A gnoll sergeant (D:8)
  11 scorpions
  An entropy weaver simulacrum (Vaults:1)
  Dowan (D:4)
  43 killer bees
  An orc simulacrum (Vaults:1)
  6 howler monkeys
  7 wolf zombies (Bailey)
  8 electric eels
  8 vampire bats (Bailey)
  5 lava snakes (Lair:1)
  A hound (D:5)
  6 human zombies
  A jelly (D:5)
  A centaur zombie (Ossuary)
  18 orc priests
  3 iguanas
  3 sleepcaps
  36 orc wizards
  3 scorpion zombies (Ossuary)
  Natasha (thrice) (D:2)
  A hell rat (Lair:4)
  4 mummies
  18 gnolls
  8 adders
  3 shadow imps
  A white imp (D:7)
  2 worms
  2 dart slugs (D:2)
  72 orcs
  A ball python (D:4)
  4 endoplasms
  A giant cockroach (D:1)
  2 gnoll zombies (Ossuary)
  6 goblins
  2 hobgoblins (D:1)
  10 jackals
  7 kobolds
  6 bats
  3 frilled lizards
  A goblin zombie (Ossuary)
  4 hobgoblin zombies
  3 kobold zombies
  23 orc zombies
  5 rats
1533 creatures vanquished.

Vanquished Creatures (collateral kills)
  A hydra (Swamp:4)
  2 death yaks (Lair:2)
  2 naga sharpshooters (Snake:3)
  An ugly thing (Vaults:2)
  A yaktaur (Vaults:2)
  A yak (Lair:2)
  A bullfrog (Lair:2)
  A killer bee (Lair:4)
10 creatures vanquished.

Vanquished Creatures (others)
  A ghost moth (shapeshifter) (Vaults:5)
  2 vault guards (Vaults:5)
  A harpy (Vaults:1)
  2 bloated husks
  A hornet (Swamp:4)
  A saltling (Desolation)
  A warg (Vaults:5)
  A swamp drake (Swamp:4)
  2 orcs (Vaults:5)
  18 foxfires
30 creatures vanquished.

Grand Total: 1573 creatures vanquished

Notes
Turn   | Place    | Note
-------+----------+-------------------------------------------
     0 | D:1      | ChronoRanger the Hill Orc Berserker began the quest for the
                  | Orb.
     0 | D:1      | Reached XP level 1. HP: 19/19 MP: 1/1
   172 | D:1      | Reached XP level 2. HP: 27/27 MP: 2/2
   391 | D:1      | Found Noulum's Distillery.
   395 | D:1      | Bought a potion of degeneration for 11 gold pieces
   395 | D:1      | Bought a potion of curing for 33 gold pieces
   553 | D:2      | Reached XP level 3. HP: 33/33 MP: 3/3
   585 | D:2      | Reached skill level 5 in Axes
   733 | D:2      | Noticed Natasha
   743 | D:2      | Killed Natasha
   744 | D:2      | Reached XP level 4. HP: 13/40 MP: 4/4
  1273 | D:2      | Noticed Natasha
  1287 | D:2      | Killed Natasha
  1288 | D:2      | Reached XP level 5. HP: 38/47 MP: 5/5
  1338 | D:2      | Noticed Natasha
  1348 | D:2      | Killed Natasha
  1348 | D:2      | Reached ** piety under Trog
  1947 | D:3      | Found an ornate altar of the Wu Jian Council.
  2018 | D:3      | You are sucked into a shaft and drop 3 floors!
  2137 | D:6      | Reached skill level 5 in Fighting
  2137 | D:6      | Reached XP level 6. HP: 55/56 MP: 6/6
  2221 | D:6      | Noticed Sigmund
  2228 | D:6      | Killed Sigmund
  2229 | D:6      | Reached XP level 7. HP: 61/61 MP: 7/7
  2284 | D:6      | Found a staircase to the Ecumenical Temple.
  2289 | D:6      | Noticed Pikel
  2316 | D:6      | Killed Pikel
  2317 | D:6      | Reached skill level 5 in Armour
  2317 | D:6      | Reached XP level 8. HP: 71/71 MP: 8/8
  2369 | D:6      | Noticed Maggie
  2378 | D:6      | Killed Maggie
  2379 | D:6      | Reached skill level 10 in Axes
  2500 | D:6      | Noticed Eustachio
  2500 | D:6      | Noticed Prince Ribbit
  2519 | D:6      | Killed Prince Ribbit
  2530 | D:6      | Killed Eustachio
  2538 | D:6      | Found a sand-covered staircase.
  2543 | Ossuary  | Entered an ossuary
  2770 | Ossuary  | Reached XP level 9. HP: 79/79 MP: 9/9
  3228 | Ossuary  | Reached *** piety under Trog
  3386 | D:5      | Entered Level 5 of the Dungeon
  3435 | D:5      | Found an opulent altar of Gozag.
  3671 | D:4      | Found an iron altar of Okawaru.
  3681 | D:4      | Found a hazy altar of Hepliaklqana.
  3977 | D:4      | Noticed Dowan
  3978 | D:4      | Noticed Duvessa
  3988 | D:4      | Killed Duvessa
  3994 | D:4      | Killed Dowan
  5166 | D:5      | Found an ancient bone altar of Kikubaaqudgha.
  5314 | D:5      | Found a transporter.
  5318 | D:5      | Noticed farilari's ghost (amateur SpHs)
  5377 | D:5      | Found a transporter.
  5588 | D:6      | Reached XP level 10. HP: 91/91 MP: 10/10
  6200 | D:7      | Noticed Jeremiah
  6211 | D:7      | Killed Jeremiah
  6215 | D:7      | Found a shadowy altar of Dithmenos.
  6217 | D:7      | Reached **** piety under Trog
  6364 | D:7      | Found a white marble altar of Elyvilon.
  6692 | D:8      | Found a flagged portal.
  6703 | Bailey   | Entered a bailey
  6949 | Bailey   | Found the +2 hat of the Bear Spirit {Spirit, Bear, *Rage
                  | Will++}
  7026 | Bailey   | Noticed a gargoyle
  7033 | Bailey   | Killed a gargoyle
  7034 | Bailey   | Reached skill level 10 in Fighting
  7629 | D:8      | Found a broken altar of Ashenzari.
  8192 | D:9      | Reached skill level 15 in Axes
  8514 | D:9      | Found a staircase to the Lair.
  8723 | D:9      | Reached XP level 11. HP: 86/101 MP: 11/11
  8943 | D:9      | Noticed a fire dragon
  8995 | D:9      | Found a basalt altar of Yredelemnul.
  9054 | D:9      | Killed a fire dragon
  9144 | D:9      | Identified the ring of Ogeiru {Fire Will+}
  9269 | Gauntlet | Identified the "Vuitt"
  9269 | Lair:1   | Entered Level 1 of the Lair of Beasts
  9272 | Lair:1   | Noticed Gastronok
  9272 | Lair:1   | Found the ring of Shadows {Umbra +Inv Stlth+}
  9272 | Lair:1   | You are sucked into a shaft and drop 1 floor!
  9370 | Lair:2   | Noticed a death yak
  9371 | Lair:2   | Noticed a death yak
  9371 | Lair:2   | Noticed a death yak
  9372 | Lair:2   | Noticed a death yak
  9411 | Lair:1   | Reached skill level 10 in Armour
  9442 | Lair:1   | Killed Gastronok
 10140 | Lair:1   | HP: 2/105 [lava snake/glob of lava (20)]
 10792 | Lair:2   | Found a staircase to the Swamp.
 10882 | Lair:2   | Reached XP level 12. HP: 92/115 MP: 12/12
 10975 | Lair:2   | Noticed a death yak
 10975 | Lair:2   | Noticed a death yak
 10998 | Lair:2   | Killed a death yak
 11000 | Lair:2   | Killed a death yak
 11003 | Lair:2   | Killed a death yak
 11008 | Lair:2   | Killed a death yak
 11010 | Lair:2   | Killed a death yak
 11017 | Lair:2   | Killed a death yak
 11388 | Lair:3   | Found a staircase to the Snake Pit.
 11398 | Lair:3   | Reached ***** piety under Trog
 11599 | Lair:3   | Reached skill level 15 in Fighting
 12136 | Lair:3   | Found a runed translucent door.
 12139 | Lair:3   | Noticed Ifomeed's ghost (journeyman DsGl)
 12145 | Lair:3   | Identified the +2 trident "Axtay" {heavy, rPois Dex+2}
 12484 | Lair:4   | Reached XP level 13. HP: 127/127 MP: 13/13
 12511 | Lair:4   | Identified the +7 executioner's axe "Jaawil" {flame, rF+
                  | rN+ Will+ Str+3} (Trog gifted it to you on level 4 of the
                  | Lair of Beasts)
 12511 | Lair:4   | Received a gift from Trog
 12552 | Lair:4   | HP: 6/127 [meliai/+0 war axe (10)]
 14069 | Lair:5   | Entered Level 5 of the Lair of Beasts
 14069 | Lair:5   | Found a viscous altar of Jiyva.
 14069 | Lair:5   | Found a staircase to the Slime Pits.
 14223 | Lair:5   | Noticed Urug
 14234 | Lair:5   | Killed Urug
 14436 | Lair:5   | Reached XP level 14. HP: 128/138 MP: 14/14
 14924 | Lair:5   | Found a burning altar of Makhleb.
 15292 | Lair:5   | Received a gift from Trog
 15743 | Lair:5   | Found a gateway to Hell.
 15779 | Lair:5   | Reached skill level 15 in Armour
 15926 | Lair:5   | Found a runed translucent door.
 16133 | D:10     | Entered Level 10 of the Dungeon
 16213 | D:10     | Found a burning altar of Makhleb.
 16216 | D:10     | Found a shimmering altar of Xom.
 16220 | D:10     | Found a glowing silver altar of Zin.
 16285 | D:10     | Identified the +3 hand axe of the Hummingbird {heavy, rF-
                  | Str-5 Int+5 Stlth+}
 16336 | D:10     | Identified the amulet "Vuisale" {Spirit rPois}
 17050 | D:11     | Reached ****** piety under Trog
 17053 | D:11     | Received a gift from Trog
 17057 | D:11     | Found a staircase to the Orcish Mines.
 17185 | D:11     | Identified the +1 war axe "Izamy" {protect, rN+ Will+}
 17749 | Orc:1    | Entered Level 1 of the Orcish Mines
 17888 | Orc:2    | Entered Level 2 of the Orcish Mines
 17888 | Orc:2    | Found Qisodewn's Book Emporium.
 17903 | Orc:2    | Gained mutation: You sometimes lose your temper in combat.
                  | [a neqoxec]
 17904 | Orc:2    | Gained mutation: You are vulnerable to cold. (rC-) [a
                  | neqoxec]
 17905 | Orc:2    | Gained mutation: You are weak. (Str -2) [a neqoxec]
 17936 | Orc:2    | Reached XP level 15. HP: 131/149 MP: 12/15
 18019 | Orc:2    | Noticed an orc warlord
 18029 | Orc:2    | Killed an orc warlord
 18191 | Orc:2    | Found Dobaig's Antique Armour Emporium.
 18193 | Orc:2    | Received a gift from Trog
 18404 | Orc:2    | Found Hoaleur's Antique Weapon Shoppe.
 18468 | Orc:2    | Found Tuakhlyv's General Store.
 18673 | Orc:2    | Found a staircase to the Elven Halls.
 19325 | Orc:2    | Lost mutation: You are vulnerable to cold. (rC-) [potion of
                  | mutation]
 19325 | Orc:2    | Lost mutation: You are weak. (Str -2) [potion of mutation]
 19325 | Orc:2    | Gained mutation: You are partially covered in large bone
                  | plates. (SH +4) [potion of mutation]
 19325 | Orc:2    | Gained mutation: You have sharp toenails. [potion of
                  | mutation]
 19325 | Orc:2    | Gained mutation: Your flesh is cold resistant. (rC+)
                  | [potion of mutation]
 19453 | Orc:1    | Found Duonepi's CLEARANCE SALE!.
 19512 | Orc:1    | Found a radiant altar of Vehumet.
 19743 | Swamp:1  | Entered Level 1 of the Swamp
 19746 | Swamp:1  | Received a gift from Trog
 20208 | Swamp:1  | Noticed a thorn hunter
 20230 | Swamp:1  | Killed a thorn hunter
 20692 | Swamp:2  | Identified a scroll of acquirement
 20693 | Swamp:2  | Acquired a manual of Fighting
 21339 | Swamp:2  | Reached XP level 16. HP: 153/162 MP: 14/16
 21577 | Swamp:2  | Identified the +5 battleaxe of Equilibrium {flame, rPois
                  | rN+ Str+6} (Trog gifted it to you on level 2 of the Swamp)
 21577 | Swamp:2  | Received a gift from Trog
 22249 | Swamp:3  | Found an opulent altar of Gozag.
 22495 | Snake:1  | Entered Level 1 of the Snake Pit
 23477 | Snake:1  | Received a gift from Trog
 24035 | Snake:2  | Noticed a nagaraja
 24041 | Snake:2  | Killed a nagaraja
 24607 | Snake:2  | Identified the +0 cloak "Kolowu" {rElec rC+++ rCorr Stlth-}
 24619 | Snake:2  | Lost mutation: You sometimes lose your temper in combat.
                  | [potion of mutation]
 24619 | Snake:2  | Lost mutation: You have sharp toenails. [potion of
                  | mutation]
 24619 | Snake:2  | Lost mutation: You are partially covered in large bone
                  | plates. (SH +4) [potion of mutation]
 24619 | Snake:2  | Gained mutation: You are strong-willed. (Will+) [potion of
                  | mutation]
 24619 | Snake:2  | Gained mutation: You are partially covered in iridescent
                  | scales. (AC +2) [potion of mutation]
 24619 | Snake:2  | Lost mutation: You are strong-willed. (Will+) [potion of
                  | mutation]
 24804 | Snake:3  | Reached XP level 17. HP: 151/181 MP: 14/17
 24810 | Snake:3  | Identified the +9 battleaxe of Ugyagh {antimagic, Str+3
                  | Dex+2} (Trog gifted it to you on level 3 of the Snake Pit)
 24810 | Snake:3  | Received a gift from Trog
 25160 | Snake:3  | Noticed Vashnia
 25173 | Snake:3  | Killed Vashnia
 25676 | Snake:3  | Identified the serpent talisman "Lakiruh" {+Blink rC+++
                  | rCorr Int+3 Stlth-}
 25676 | Snake:3  | Noticed Aizul
 25683 | Snake:3  | Killed Aizul
 26514 | Swamp:4  | Identified the "Furemefo"
 26514 | Swamp:4  | Identified the "Diwa"
 26514 | Swamp:4  | Entered Level 4 of the Swamp
 26592 | Swamp:4  | Received a gift from Trog
 26608 | Swamp:4  | Noticed Louise
 26624 | Swamp:4  | Killed Louise
 27241 | Swamp:4  | Noticed the 27-headed Lernaean hydra
 27265 | Swamp:4  | Killed the 22-headed Lernaean hydra
 27633 | Swamp:4  | Reached XP level 18. HP: 186/195 MP: 18/18
 27881 | Swamp:4  | Got a decaying rune of Zot
 28144 | Snake:4  | Entered Level 4 of the Snake Pit
 28525 | Snake:4  | Received a gift from Trog
 30851 | Snake:4  | Got a serpentine rune of Zot
 31132 | D:12     | Received a gift from Trog
 31176 | D:12     | Noticed Azrael
 31186 | D:12     | Killed Azrael
 31637 | D:12     | Reached skill level 27 in Fighting
 31767 | D:13     | Found a gate leading to a gauntlet.
 31775 | Gauntlet | Entered a Gauntlet
 31775 | Gauntlet | Found a transporter.
 31784 | Gauntlet | Found a transporter.
 31787 | Gauntlet | Found a transporter.
 31788 | Gauntlet | Found a transporter.
 31797 | Gauntlet | Found a transporter.
 31799 | Gauntlet | Found a transporter.
 31800 | Gauntlet | Found a transporter.
 31810 | Gauntlet | Found a transporter.
 31812 | Gauntlet | Found a transporter.
 31813 | Gauntlet | Found a transporter.
 31817 | Gauntlet | Found a runed translucent door.
 31820 | Gauntlet | Found a runed translucent door.
 31821 | Gauntlet | Found a transporter.
 31824 | Gauntlet | Found a transporter.
 31825 | Gauntlet | Found a transporter.
 31838 | Gauntlet | Found a transporter.
 32002 | Gauntlet | Identified the +0 hat of the Ward {Str+3 Int+2}
 32048 | Gauntlet | Identified the amulet of the Death Scarab {RegenMP Dex+2}
 32065 | Gauntlet | Identified the +6 flail of the Flying Eel {heavy, rF- rC+
                  | rCorr Int+3}
 32402 | D:13     | Found Vang's General Store.
 32451 | D:13     | Found Qoaczumula's Specific Store.
 32615 | D:13     | Found a gate to the Vaults.
 32617 | D:13     | Received a gift from Trog
 32672 | D:13     | Found a shimmering blue altar of Sif Muna.
 32841 | D:13     | Identified the +9 great mace of Bomysm {spect, rN+++}
 33327 | Desolati | Identified the "Boahoced"
 33327 | Vaults:1 | Entered Level 1 of the Vaults
 33415 | Vaults:1 | Reached XP level 19. HP: 194/207 MP: 19/19
 33482 | Vaults:1 | Found Plog's Book Emporium.
 33535 | Vaults:1 | Found a crumbling gateway.
 33543 | Desolati | Entered the Desolation of Salt
 33779 | Desolati | Received a gift from Trog
 33881 | Desolati | Identified the +2 ring mail "Teoh" {*Corrode Int+3 Stlth+}
 33901 | Desolati | Identified the +1 quarterstaff of Insufficient Pleasure
                  | {flame, *Noise Will+ Str+5}
 34103 | Desolati | Received a gift from Trog
 34144 | Desolati | Identified the amulet "Reane" {Acrobat Harm Int+3}
 34211 | Desolati | Identified the ring "Baisus" {*Corrode rF+ Int+6 Dex+2
                  | Stlth+}
 34607 | Desolati | Found the +9 sword of Zonguldrok {reap}
 34608 | Desolati | Found the +4 consecrated labrys {holy, Valiant Fragile Fly
                  | SInv}
 34609 | Desolati | Identified the ring "Jaquewk" {rC- EV+5 Str+3 Int+2 Stlth+}
 34612 | Desolati | Identified the ring "Yngas" {Wiz rF+ Str+2 Slay+3}
 35416 | Vaults:1 | Received a gift from Trog
 36271 | Vaults:2 | You fall into a shaft and drop 2 floors!
 36284 | Vaults:4 | Reached XP level 20. HP: 214/216 MP: 20/20
 36390 | Vaults:4 | Found Ytsoc's Distillery.
 36399 | Vaults:4 | Bought a potion of might for 44 gold pieces
 36399 | Vaults:4 | Bought a potion of heal wounds for 55 gold pieces
 36470 | Vaults:3 | Found Jirovequ's Magic Scroll Boutique.
 36477 | Vaults:3 | Bought 3 scrolls of enchant armour for 315 gold pieces
 36477 | Vaults:3 | Bought a scroll of teleportation for 42 gold pieces
 36477 | Vaults:3 | Bought a scroll of teleportation for 42 gold pieces
 36534 | Vaults:3 | Received a gift from Trog
 36824 | Vaults:3 | Reached skill level 5 in Dodging
 37336 | Vaults:2 | Received a gift from Trog
 37962 | Vaults:2 | Paralysed by a formless jellyfish for 1 turns
 38728 | Vaults:3 | Found a staircase to the Crypt.
 39212 | Vaults:3 | Received a gift from Trog
 39275 | Vaults:3 | Reached XP level 21. HP: 216/224 MP: 19/21
 40084 | Vaults:4 | Received a gift from Trog
 41731 | Vaults:5 | Entered Level 5 of the Vaults
 41847 | Vaults:4 | Reached skill level 1 in Evocations
 41849 | Vaults:4 | Reached skill level 27 in Armour
 42007 | Vaults:5 | Received a gift from Trog
 42017 | Vaults:5 | Noticed a golden dragon
 42208 | Vaults:5 | Reached XP level 22. HP: 233/233 MP: 20/22
 42702 | Vaults:4 | Reached skill level 10 in Dodging
 43278 | Vaults:5 | Noticed a dread lich
 43283 | Vaults:4 | Identified the +6 battleaxe of the Hummingbird {heavy, rC-
                  | Str+4 Dex+3} (Trog gifted it to you on level 4 of the
                  | Vaults)
 43283 | Vaults:4 | Received a gift from Trog
 43287 | Vaults:4 | Killed a dread lich
 43288 | Vaults:4 | Reached skill level 5 in Evocations
 43365 | Vaults:5 | Identified the +3 halberd of Righteous Anger {freeze, rElec
                  | rPois}
 43750 | Vaults:5 | Noticed a golden dragon
 43974 | Vaults:4 | Killed a golden dragon
 44385 | Vaults:4 | Received a gift from Trog
 44819 | Vaults:5 | Killed a golden dragon
 44821 | Vaults:5 | Identified the +4 mace of the Iron City of Dis {drain,
                  | rPois rF++ Will- Dex+2}
 44832 | Vaults:5 | HP: 1/349 [vault warden/+1 war axe of electrocution (17)]
 44832 | Vaults:5 | Demolished by a vault warden

Illustrated notes

Levels and vault maps discovered:
D:1:      amcnicky_arrival_underground_garden, layout_rooms, serial_shops, shop,
          minmay_misc_feat_ornament
D:2:      layout_basic, uniq_natasha
D:3:      layout_basic, nicolae_overflow_hidden_temple, patterned_corridor,
          uniq_jessica
D:4:      layout_loops_corners, amethyst_overflow_temple_binary,
          chequers_garden, minmay_misc_feat_chi, uniq_duvessa
D:5:      layout_loops_ring, marbit_many_paths,
          mainiacjoe_overflow_cross_hatched, gammafunk_ghost_mausoleum,
          grunt_decor_clamped
D:6:      layout_gridville, minmay_temple_entry_large_hall,
          nicolae_ossuary_entry_giza, nicolae_nh_ransacked_shop, uniq_sigmund,
          uniq_eustachio, uniq_pikel, uniq_prince_ribbit1, uniq_maggie
D:7:      layout_basic, mainiacjoe_overflow_concentric_impassable,
          mainiacjoe_overflow_small_starburst, uniq_jeremiah
D:8:      layout_layer_cave, ashenzari_conservatory_becter, enter_bailey_3,
          minmay_fountain_box, nicolae_zig_zag_zippers
D:9:      layout_basic, general_overflow_altar, dpeg_oklobed_lair,
          kennysheep_island_fort
D:10:     minmay_the_grid_square_5x5_3x3 [minmay_the_grid_square_5x5_v,
          minmay_the_grid_square_5x5_detours,
          minmay_the_grid_square_5x5_tri_point,
          minmay_the_grid_square_5x5_checkered,
          minmay_the_grid_square_5x5_megaprize_diamond,
          minmay_the_grid_square_5x5_minibox,
          minmay_the_grid_square_5x5_two_walls_a,
          minmay_the_grid_square_5x5_gyroscope,
          minmay_the_grid_square_5x5_shuriken], layout_long_grid,
          grunt_temple_overflow_diamond
D:11:     layout_cave_pools, erik_orc_4
D:12:     layout_irregular_city, uniq_azrael
D:13:     layout_long_grid, david_vaults_4, serial_library,
          serial_library_hellmonk_statue_hall,
          serial_library_hellmonk_semicircle, serial_library_hellmonk_hallway_b,
          serial_library_hellmonk_h_bend, serial_library_hellmonk_u_bend,
          serial_library_hellmonk_layered_room,
          serial_library_hellmonk_long_bookcase,
          serial_library_hellmonk_secret_room,
          serial_library_hellmonk_hallway_a, gauntlet_entry_generic, drop_trap,
          nicolae_specific_store, dreamdust_princess_bridge
Lair:1:   layout_cave_shapes, nicolae_lair_liquid_snakes, uniq_gastronok
Lair:2:   layout_gridlike, swamp_mist
Lair:3:   layout_loops_ring, guppyfry_snake_entry_garden,
          ebering_ghost_funeral_grove
Lair:4:   hangedman_what_comes_after_a, layout_regular_city,
          portal_ice_cave_entry_pillars_1
Lair:5:   evil_forest, layout_long_grid, slime_entry_1,
          pdpol_lair_cabin_in_the_woods, uniq_urug
Swamp:1:  layout_falls_marsh, evilmike_swamp_ruin_rubble_2, swamp_pool_1_2
Swamp:2:  nicolae_swamp_secret_spriggan_hideout, layout_falls_marsh,
          evilmike_swamp_ruin_house_2
Swamp:3:  layout_basic_swamp, lemuel_altar_in_water
Swamp:4:  grunt_swamp_rune_castle, layout_basic_swamp, swamp_pool_4,
          infiniplex_staircase_pool_2, uniq_louise
Snake:1:  layout_basic, drop_trap, grunt_megastairs_4
Snake:2:  layout_onion
Snake:3:  nicolae_aizul_guard, layout_onion, uniq_vashnia
Snake:4:  grunt_snake_rune_pools, layout_layer_cave,
          nicolae_snake_gridmaze_big_u
Orc:1:    layout_diamond_mine, basic_altar, nicolae_shop_clearance
Orc:2:    grunt_orc_gardens, layout_caves, grunt_orc_garden, grunt_orc_garden,
          grunt_orc_garden, grunt_orc_garden
Vaults:1: portal_desolation_entry_nicolae_nacl, nicolae_vaults_trapezoid_2,
          ontoclasm_vaults_spin, nicolae_vaults_border_crossing,
          grunt_vaults_funnel, v_misc_23, hangedman_vaults_stitches,
          nicolae_vaults_tetromino_T_1, vaults_room_fours, serial_ice_h,
          layout_vaults_omnigrid, serial_shops, nicolae_book_shop_shelving
Vaults:2: nicolae_vaults_more_shelving_2, hangedman_vaults_cutoff,
          nicolae_vaults_storage_closets_3, nicolae_vaults_trapezoid_3,
          vaults_mumra_hex, layout_vaults_big_room, uniq_margery
Vaults:3: minmay_crypt_entry_simple_walls, hangedman_vaults_restitches,
          hangedman_vaults_trim, nicolae_vaults_little_squares_5,
          ontoclasm_vaults_pinch, vaults_room_hallway,
          nicolae_vaults_shrinking_rooms_2, nicolae_vaults_big_ls,
          nicolae_vaults_double_plus_1, nicolae_vaults_windows_and_doors_thing,
          v_misc_1, nicolae_vaults_house_2, ontoclasm_vaults_claustrophobia,
          nicolae_vaults_tetromino_L_1, nicolae_vaults_trapezoid_layered,
          layout_vaults_omnicross, serial_shops, nicolae_shop_window_shopping
Vaults:4: vaults_standard_mumra_x, vaults_dpeg_ring, v_misc_15,
          dpeg_vaults_pockets_of_resistance, hangedman_vaults_variations,
          nicolae_vaults_twisting_passages, hangedman_vaults_corner,
          nicolae_vaults_tetromino_T_1, v_pattern_5, hangedman_vaults_impose,
          nicolae_vaults_tetromino_L_2, nicolae_vaults_trapezoid_3,
          layout_vaults_ring, serial_shops, shop
Vaults:5

Skill      XL: |  1  2  3  4  5  6  7  8  9 10 11 12 13 14 15 16 17 18 19 20 21 22 |
---------------+-------------------------------------------------------------------+-----
Fighting       | 4 5 6 7 9 10 13 15 16 18 20 23 25 27 | 27.0
Axes           | 5 6 7 9 11 13 15 16 18 21 22 24 | 24.0
Armour         | 3 4 5 6 7 9 11 12 14 15 16 18 19 21 23 25 27 | 27.0
Dodging        | 3 6 9 12 | 12.0
Evocations     | 3 7 |  7.2

Action                     |  1- 3 |  4- 6 |  7- 9 | 10-12 | 13-15 | 16-18 | 19-21 | 22-24 || total
---------------------------+-------+-------+-------+-------+-------+-------+-------+-------++-------
  Melee: Hand axe          |    77 |   134 |    20 |       |       |       |       |       ||   231
         Punch             |       |     4 |     7 |     4 |       |       |       |       ||    15
         War axe           |       |       |   275 |   549 |       |       |       |       ||   824
         Battleaxe         |       |       |       |    61 |   190 |       |       |       ||   251
         Executioner's axe |       |       |       |       |   625 |   854 |   880 |   138 ||  2497
 Invoke: Berserk           |     1 |     3 |     4 |     8 |       |     9 |     6 |     5 ||    36
         Trog's Hand       |       |       |     1 |     1 |       |       |       |       ||     2
         Brothers in Arms  |       |       |       |     1 |     1 |     5 |     1 |       ||     8
  Evoke: Wand              |       |       |       |       |    20 |     3 |     2 |       ||    25
    Use: Scroll            |     1 |     1 |    15 |     7 |     8 |     6 |     4 |       ||    42
         Potion            |       |     2 |       |     1 |     6 |     4 |       |       ||    13
   Stab: Petrified         |       |       |       |       |     2 |       |       |       ||     2
         Petrifying        |       |       |       |       |     1 |       |       |       ||     1
 Armour: Ring mail         |    60 |    68 |       |       |       |       |       |       ||   128
         Skin              |     4 |       |       |       |       |       |       |       ||     4
         Animal skin       |     1 |       |       |       |       |       |       |       ||     1
         Chain mail        |       |     2 |    12 |       |       |       |       |       ||    14
         Swamp dragon scal |       |       |   170 |   458 |   301 |       |       |       ||   929
         Fire dragon scale |       |       |       |    12 |   369 |   972 |   683 |   326 ||  2362
  Dodge: Dodged            |    47 |    69 |   169 |   326 |   494 |   656 |   513 |   250 ||  2524
  Block: Other             |       |       |       |       |    18 |    37 |       |       ||    55

Table legend: (Time is in decaauts)
 A = Elapsed time spent in this place.
 B = Non-inter-level travel time spent in this place.
 C = Inter-level travel time spent in this place.
 D = Time resting spent in this place.
 E = Time spent auto-exploring this place.
 F = Levels seen in this place.
 G = Mean time per level.
                   A        B        C        D        E       F      G
               +--------+--------+--------+--------+--------+-----+--------+
         Total |  44452 |  42558 |   1894 |   7064 |  27588 |  37 | 1201.4 |
       Dungeon |  11378 |  10828 |    550 |    500 |   8036 |  13 |  875.2 |
          Lair |   7002 |   6502 |    500 |   1131 |   4118 |   5 | 1400.4 |
         Swamp |   4325 |   4092 |    233 |    908 |   2466 |   4 | 1081.2 |
     Snake Pit |   6838 |   6592 |    246 |   1354 |   4286 |   4 | 1709.5 |
  Orcish Mines |   1863 |   1712 |    151 |     51 |   1282 |   2 |  931.5 |
        Vaults |  10182 |   9971 |    211 |   2898 |   5656 |   5 | 2036.4 |
       Ossuary |    801 |    801 |      0 |    196 |    359 |   1 |  801.0 |
        Bailey |    529 |    529 |      0 |     22 |    333 |   1 |  529.0 |
    Desolation |   1114 |   1114 |      0 |      0 |    799 |   1 | 1114.0 |
      Gauntlet |    415 |    415 |      0 |      0 |    252 |   1 |  415.0 |
               +--------+--------+--------+--------+--------+-----+--------+

Top non-repeatable levels by time:
Vaults:4: 5134 daAuts
 Snake:4: 2747 daAuts
  Lair:5: 1944 daAuts
Vaults:3: 1825 daAuts
Vaults:1: 1584 daAuts
  Lair:3: 1552 daAuts
Vaults:2: 1534 daAuts
 Snake:1: 1487 daAuts
 Swamp:3: 1343 daAuts
 Snake:3: 1326 daAuts
  Lair:1: 1325 daAuts
   Orc:2: 1304 daAuts
 Snake:2: 1276 daAuts
  Lair:4: 1246 daAuts
 Swamp:2: 1168 daAuts
